 Dungeon Crawl Stone Soup version 0.28.0-45-g0d030f2227 (webtiles) character file.

Game seed: 16518030832314633013

37 MisterFreud the Ruffian (level 3, 0/29 HPs)
             Began as a Ghoul Gladiator on Mar 31, 2022.
             Slain by a worm (9 damage)
             ... on level 2 of the Dungeon.
             The game lasted 00:00:54 (878 turns).

MisterFreud the Ruffian (Ghoul Gladiator)            Turns: 878, Time: 00:00:55

Health: 0/29       AC:  4    Str: 17    XL:     3   Next: 41%
Magic:  2/2        EV: 12    Int:  5    God:
Gold:   64         SH:  0    Dex: 10    Spells: 2/2 levels left

rFire   . . .      SeeInvis .     - Unarmed
rCold   + . .      Faith    .   (no shield)
rNeg    + + +      Spirit   .   a - +0 leather armour
rPois   ∞          Reflect  .   b - +0 helmet
rElec   .          Harm     .   (no cloak)
rCorr   .          Rampage  .   (no gloves)
Will    .....                   (no boots)
Stlth   +.........              (no amulet)
HPRegen 0.00/turn               (no ring)
MPRegen 0.08/turn               (no ring)

@: inhibited regen
A: claws 1, cold resistance 1, negative energy resistance 3, inhibited
regeneration, torment resistance 2
a: no special abilities


You were on level 2 of the Dungeon.
You visited 1 branch of the dungeon, and saw 2 of its levels.

You collected 64 gold pieces.

Inventory:

Missiles
 c - 3 throwing nets (quivered)
Armour
 a - a +0 leather armour (worn)
 b - a +0 helmet (worn)
Potions
 d - a potion of ambrosia {unknown}


   Skills:
 - Level 2.1 Fighting
 - Level 1.7 Throwing
 - Level 2.6 Dodging
 + Level 4.8 Unarmed Combat


You had 2 spell levels left.
You didn't know any spells.
Your spell library contained the following spells:

 Spells                   Type           Power      Damage    Failure   Level
 Freeze                   Ice            0%         1d3       54%         1
 Frozen Ramparts          Ice            0%         1d2       89%         3
 Hailstorm                Conj/Ice       0%         3d3       100%        4


Dungeon Overview and Level Annotations

Branches:
Dungeon (2/15)

Altars:
Cheibriados

Shops:
D:2 :


Innate Abilities, Weirdness & Mutations

You thrive by killing the living.
You are immune to poison.
You have sharp fingernails.
Your flesh is cold resistant. (rC+)
You are immune to negative energy. (rN+++)
You do not regenerate when monsters are visible.
You are immune to unholy pain and torment.


Message History

Found a snail-covered altar of Cheibriados.
There is an entrance to Saguygig's Book Boutique here.
No target in view!
You now have 64 gold pieces (gained 12).
There is an entrance to Saguygig's Book Boutique here.
A gnoll comes into view. It is wielding a +0 spear.
Found a scroll labelled CUMMOG FOAVIJ.
The gnoll shouts!
You hear a shout!
A gnoll comes into view. It is wielding a +0 halberd.
There are monsters nearby!
There are monsters nearby!
The gnoll shouts!
A gnoll comes into view. It is wielding a +0 club.
The gnoll misses you.
A frilled lizard and a rat come into view.
The frilled lizard hisses angrily.
The gnoll misses you.
There are monsters nearby!
You closely miss the gnoll. The gnoll hits you but does no damage.
You closely miss the gnoll. Your claw misses the gnoll.
The gnoll closely misses you. The gnoll misses you.
The gnoll hits you with a +0 spear.
You scratch the gnoll.
The gnoll is lightly wounded.
The gnoll barely misses you. x2
You claw the gnoll!
The gnoll is severely wounded.
The gnoll barely misses you. The gnoll hits you with a +0 halberd!
The gnoll hits you but does no damage.
You are too injured to fight recklessly!
You scratch the gnoll.
You kill the gnoll!
You feel better. The gnoll closely misses you.
The gnoll hits you with a +0 club.
You are too injured to fight recklessly!
The gnoll hits you from afar with a +0 spear.
The frilled lizard unfolds its giant frill.
A worm comes into view.
The worm bites you!
You die...

#.........#
#....^....#
#######
##.........#
#.....#
##..........#
#.....#
>...<.......#
#.....#
##..........#
#.....#
#..........#
#.....#
#..........#
#..w..#
#..........#
#.@...#
#.###...∩###
#...?.# #.
#......## #.....#
#. #.......#
#g.####
##.......###l.#
#........#....#
#........#.g##.#
#..........#.....#
#.._......##.....#


You could see a worm, a gnoll and a frilled lizard.

Vanquished Creatures
  A gnoll (D:2)
  A dart slug (D:1)
  An endoplasm (D:1)
  2 giant cockroaches (D:1)
  A goblin (D:1)
  5 hobgoblins (D:1)
  2 kobolds (D:1)
  7 ball pythons (D:1)
  4 frilled lizards
  3 rats (D:1)
27 creatures vanquished.

Notes
Turn   | Place    | Note
-------+----------+-------------------------------------------
     0 | D:1      | MisterFreud the Ghoul Gladiator began the quest for the
                  | Orb.
     0 | D:1      | Reached XP level 1. HP: 17/17 MP: 0/0
   455 | D:1      | Reached XP level 2. HP: 24/24 MP: 1/1
   474 | D:1      | Reached skill level 4 in Unarmed Combat
   743 | D:1      | Reached XP level 3. HP: 29/29 MP: 2/2
   844 | D:2      | Found Saguygig's Book Boutique.
   851 | D:2      | Found a snail-covered altar of Cheibriados.
   878 | D:2      | Slain by a worm

Illustrated notes

Levels and vault maps discovered:
D:1:      minmay_arrival_open_corners, layout_loops_cross,
          minmay_misc_feat_hallway, serial_bayou_pond_c
D:2:      layout_rooms, serial_shops, shop, basic_altar

Skill      XL: |  1  2 |
---------------+-------+-----
Unarmed Combat | 4 |  4.8
Fighting       | |  2.1
Throwing       | |  1.7
Dodging        | |  2.6

Action                   || total
-------------------------++-------
Melee: Unarmed           ||    69
       Punch             ||     4
Armor: Leather armour    ||    12
Dodge: Dodged            ||    49
